 Dungeon Crawl Stone Soup version 0.31-a0-1424-g2add1c7226 (webtiles) character file.

Game seed: 15044898696298609209

149 thriggle the Trooper (level 5, -4/42 HPs)
             Began as a Mummy Monk on Dec 26, 2023.
             Splashed by a jelly's acid (9 damage)
             ... on level 3 of the Dungeon.
             The game lasted 00:08:52 (2012 turns).

thriggle the Trooper (Mummy Monk)                   Turns: 2012, Time: 00:08:53

Health: -4/42      AC: -4    Str: 14    XL:     5   Next: 9%
Magic:  8/8        EV: 12    Int: 11    God:
Gold:   130        SH:  0    Dex: 15    Spells: 6/8 levels left

rFire   x . .        a - +0 spear
rCold   + . .        c - orb {light}
rNeg    + + +        i - +0 leather armour
rPois   ∞            (no helmet)
rElec   .            (no cloak)
rCorr   .            (no gloves)
SInv    .            (no boots)
Will    +....        (no amulet)
Stlth   +            f - ring of willpower
HPRegen 0.27/turn    (no ring)
MPRegen 0.11/turn

%: faith
@: corroded, glowing
A: cold resistance 1, negative energy resistance 3, torment resistance 2, heat
vulnerability 1, in touch with death 1, no potions, faith
a: no special abilities


You were on level 3 of the Dungeon.
You visited 1 branch of the dungeon, and saw 3 of its levels.

You collected 130 gold pieces.

Inventory:

Hand Weapons
 a - a +0 spear (weapon)
 p - a +0 dagger of venom
Missiles
 d - 28 stones
 l - 3 javelins
Armour
 b - a +0 robe
 c - an orb of light (worn)
 i - a +0 leather armour (worn)
Magical Staves
 j - a staff of alchemy
Jewellery
 f - a ring of willpower (left hand)
Wands
 o - a wand of iceblast (4)
 q - a wand of flame (5)
Scrolls
 e - a scroll of amnesia
 g - a scroll of teleportation
 h - a scroll of revelation
 k - 2 scrolls of poison
 m - 2 scrolls of vulnerability
 n - 4 scrolls of identify


   Skills:
 + Level 3.7 Fighting
 - Level 3.0 Polearms
 - Level 1.0 Armour
 + Level 3.0 Dodging
 - Level 1.0 Stealth
 + Level 2.3 Spellcasting
 * Level 0.2 Hexes


You had 6 spell levels left.
You knew the following spells:

 Your Spells              Type           Power      Damage    Failure   Level
a - Jinxbite              Hex            2%         N/A       43%         2

Your spell library contained the following spells:

 Spells                   Type           Power      Damage    Failure   Level
 Call Imp                 Summ           2%         N/A       45%         2
 Yara's Violent Unravell  Hex/Alch       0%         3d3       100%        5
 Enfeeble                 Hex            0%         N/A       100%        7
 Summon Hydra             Summ           0%         N/A       100%        7
 Sublimation of Blood     Necr           Unusable   N/A       N/A         2

Dungeon Overview and Level Annotations

Branches:
Dungeon (3/15)

Altars:
Cheibriados
Dithmenos
Nemelex Xobeh
Okawaru
Sif Muna
Uskayaw
Vehumet
Wu Jian


Innate Abilities, Weirdness & Mutations

You are immune to poison.
Your flesh is cold resistant. (rC+)
You are immune to negative energy. (rN+++)
You are immune to unholy pain and torment.
You are vulnerable to heat. (rF-)
You are in touch with the powers of death.
You do not drink.
You have a special connection with the divine. (Faith)


Message History

You kill the endoplasm!
You hit the endoplasm but do no damage.
Something hits the fungus.
The fungus begins to die.
The fungus is splashed with acid.
The endoplasm barely misses you.
You hit the endoplasm.
The endoplasm is severely wounded.
The endoplasm closely misses you.
You hit the endoplasm but do no damage.
The endoplasm is severely wounded.
The endoplasm hits you.
The jelly jiggles.
You hit the endoplasm.
You kill the endoplasm!
You hit the endoplasm.
You kill the endoplasm!
You hit the endoplasm.
The endoplasm is almost dead.
A nearby fungus withers and dies.
The endoplasm barely misses you.
You hit the endoplasm.
You kill the endoplasm!
You hit the jelly.
Your hands burn!
The jelly is moderately wounded.
The jelly barely misses you.
You hit the jelly.
Your hands burn!
The jelly is severely wounded.
The jelly hits you.
You are splashed with acid!
You hit the jelly but do no damage.
Your hands burn!
The jelly is severely wounded.
The jelly closely misses you.
You hit the jelly but do no damage. The acid corrodes you!
Your hands burn!
The jelly is severely wounded.
The jelly hits you. The acid corrodes you!
You are splashed with acid!
* * * LOW HITPOINT WARNING * * *
You hit the jelly but do no damage.
Your hands burn!
* * * LOW HITPOINT WARNING * * *
The jelly is severely wounded.
The jelly hits you.
* * * LOW HITPOINT WARNING * * *
You are splashed with acid!
You die...

........#
###########......#...#.
.##.###.#
?..P...P.##....#.......
....###.#
.P._JJ.P.##..#.........
........#
..÷JJPJ..##.......###..
...##..##
....._...##.......#####
...###.##
...J._..÷##............
....!...#
.P÷P._...##............
.##.##### #######J#
#....<.......
..#..######..)..@##
#............
#.......##.########
#............
#####.#####..'....#
#...!........
#..#######....###............
##.#.##.......##..........<..
#.#.##.......##...........##
######.#.##.......##...........#
...†.....##.......##!.........##
.####...####.....###.........##


You could see a jelly.

Vanquished Creatures
  A centaur (D:2)
  5 dart slugs
  10 endoplasms
  2 giant cockroaches
  5 goblins
  2 hobgoblins
  2 jackals (D:3)
  9 kobolds
  A quokka (D:2)
  10 ball pythons
  3 bats
  6 frilled lizards
  2 rats
58 creatures vanquished.

Notes
Turn   | Place    | Note
-------+----------+-------------------------------------------
     0 | D:1      | thriggle the Mummy Monk began the quest for the Orb.
     0 | D:1      | Reached XP level 1. HP: 18/18 MP: 1/1
   162 | D:1      | Reached XP level 2. HP: 24/24 MP: 2/2
   428 | D:1      | Reached skill level 1 in Spellcasting
   700 | D:2      | Reached XP level 3. HP: 26/29 MP: 4/4
  1377 | D:3      | Reached skill level 1 in Stealth
  1424 | D:3      | Found a hide-covered altar of Uskayaw.
  1426 | D:3      | Found an ornate altar of the Wu Jian Council.
  1552 | D:3      | Noticed a centaur
  1562 | D:2      | Killed a centaur
  1563 | D:2      | Reached skill level 1 in Armour
  1563 | D:2      | Reached XP level 4. HP: 4/36 MP: 5/7
  1787 | D:3      | Found a sparkling altar of Nemelex Xobeh.
  1813 | D:3      | Learned a level 2 spell: Jinxbite
  1965 | D:3      | Reached XP level 5. HP: 40/41 MP: 8/8
  1985 | D:3      | Found a shimmering blue altar of Sif Muna.
  1985 | D:3      | Found an iron altar of Okawaru.
  1985 | D:3      | Found an iron altar of Okawaru.
  1985 | D:3      | Found a shadowy altar of Dithmenos.
  1985 | D:3      | Found a radiant altar of Vehumet.
  1985 | D:3      | Found a snail-covered altar of Cheibriados.
  2012 | D:3      | Splashed by a jelly's acid

Illustrated notes

Levels and vault maps discovered:
D:1:      eino_arrival_tree_alley, layout_basic
D:2:      layout_loops_cross
D:3:      cheibrodos_fertilizer, layout_rooms, nicolae_overflow_hidden_temple,
          minmay_misc_feat_more_columns

Skill      XL: |  1  2  3 |
---------------+----------+-----
Spellcasting   | 1 2 |  2.3
Stealth        | 1 |  1.0
Polearms       | 3 |  3.0
Armour         | 1 |  1.0
Dodging        | 3 |  3.0
Fighting       | |  3.7
Hexes          | |  0.2

Action                     |  1- 3 |  4- 6 || total
---------------------------+-------+-------++-------
  Melee: Spear             |   124 |    47 ||   171
  Throw: Stone             |       |     4 ||     4
  Evoke: Wand              |     2 |       ||     2
    Use: Scroll            |     6 |     1 ||     7
   Stab: Distracted        |     1 |       ||     1
 Armour: Robe              |    19 |       ||    19
         Leather armour    |    29 |    11 ||    40
  Dodge: Dodged            |    57 |    13 ||    70

Table legend: (Time is in decaauts)
 A = Elapsed time spent in this place.
 B = Non-inter-level travel time spent in this place.
 C = Inter-level travel time spent in this place.
 D = Time resting spent in this place.
 E = Time spent auto-exploring this place.
 F = Levels seen in this place.
 G = Mean time per level.
                   A        B        C        D        E       F      G
               +--------+--------+--------+--------+--------+-----+--------+
         Total |   2006 |   1902 |    104 |    142 |   1029 |   3 |  668.7 |
       Dungeon |   2006 |   1902 |    104 |    142 |   1029 |   3 |  668.7 |
               +--------+--------+--------+--------+--------+-----+--------+

Top non-repeatable levels by time:
     D:2: 866 daAuts
     D:1: 667 daAuts
     D:3: 472 daAuts
